 Dungeon Crawl Stone Soup version 0.28.0-49-g6dfe1f597d (webtiles) character file.

Game seed: 10991600777092591892

77 issech the Cudgeller (level 4, -1/43 (44) HPs)
             Began as a Troll Monk on May 12, 2022.
             Succumbed to Crazy Yiuf's poison
             ... on level 2 of the Dungeon.
             The game lasted 00:03:48 (1508 turns).

issech the Cudgeller (Troll Monk)                   Turns: 1508, Time: 00:03:49

HP:   -1/43 (44)    AC:  7    Str: 19    XL:     4   Next: 13%
MP:   3/3           EV: 10    Int:  6    God:
Gold: 85            SH:  0    Dex: 14    Spells: 3/3 levels left

rFire   . . .      SeeInvis .   j - +0 war axe
rCold   . . .      Faith    .   (no shield)
rNeg    . . .      Spirit   .   b - +0 robe
rPois   .          Reflect  .   (helmet restricted)
rElec   .          Harm     .   e - +2 cloak
rCorr   .          Rampage  .   (gloves unavailable)
Will    .....                   (boots unavailable)
Stlth   ++........              (no amulet)
HPRegen 0.94/turn               (no ring)
MPRegen 0.08/turn               (no ring)

@: lethally poisoned (-1 -> -6), lightly drained
A: large, unfitting armour, claws 3, regeneration 1, shaggy fur 1, tough skin 1
a: no special abilities


You were on level 2 of the Dungeon.
You visited 1 branch of the dungeon, and saw 2 of its levels.

You collected 85 gold pieces.

Inventory:

Hand Weapons
 a - a +0 mace
 j - a +0 war axe (weapon)
 l - a +0 flail
Missiles
 d - 70 stones (quivered)
 g - 23 arrows
 k - a throwing net
 o - 5 poisoned darts
Armour
 b - a +0 robe (worn)
 e - a +2 cloak (worn)
Jewellery
 i - a +6 ring of dexterity
Scrolls
 f - a scroll of teleportation {unknown}
 n - a scroll of identify {unknown}
Potions
 c - 2 potions of berserk rage {unknown}
 h - a potion of attraction {unknown}
 m - a potion of brilliance {unknown}


   Skills:
 + Level 2.8 Fighting
 + Level 0.8(2.1) Axes
 + Level 3.5 Maces & Flails
 + Level 2.8 Dodging
 + Level 1.2 Stealth


You had 3 spell levels left.
You didn't know any spells.
Your spell library contained the following spells:

 Spells                   Type           Power      Damage    Failure   Level
 Beastly Appendage        Tmut           0%         N/A       45%         1
 Wereblood                Tmut           0%         N/A       58%         2
 Gell's Gravitas          Tloc           0%         N/A       83%         3
 Lesser Beckoning         Tloc           0%         N/A       83%         3
 Spider Form              Tmut/Pois      0%         N/A       83%         3
 Teleport Other           Tloc           0%         N/A       83%         3


Dungeon Overview and Level Annotations

Branches:
Dungeon (2/15)

Altars:

Shops:
D:1 [

Annotations:
D:2 Crazy Yiuf


Innate Abilities, Weirdness & Mutations

You are too large for most types of armour.
You have claws for hands.
Your natural rate of healing is unusually fast.
You are covered in fur. (AC +1)
You have tough skin. (AC +1)


Message History

The kobold shouts!
The kobold throws a stone.
The stone barely misses you.
You barely miss the kobold. The kobold barely misses you.
You closely miss the kobold. The kobold closely misses you.
You slash the kobold!
You kill the kobold!
d - 70 stones (gained 5)
Things that are here:
a +0 dagger; a kobold corpse
Things that are here:
a +0 dagger; a kobold corpse
Things that are here:
a +0 short sword; a kobold corpse You see here a +0 robe.
There is an open door here.
There is a stone staircase leading down here.
There is an open door here.
There is an open door here.
There is an open door here.
There is an open door here.
Found a mace.
Found a runed translucent door.
Could not explore, unopened runed door.
You open the door. You barely miss Crazy Yiuf.
Crazy Yiuf yells, "Gum pizzabubble mobile!"
Crazy Yiuf hits you with a +3 quarterstaff of chaos!
You are poisoned.
You hit Crazy Yiuf.
Crazy Yiuf is lightly wounded.
You feel extremely sick.
Crazy Yiuf hits you with a +3 quarterstaff of chaos!
You feel drained.
Crazy Yiuf hits you with a +3 quarterstaff of chaos!
* * * LOW HITPOINT WARNING * * *
Crazy Yiuf freezes you.
* * * LOW HITPOINT WARNING * * *
* * * LOW HITPOINT WARNING * * *
You feel very sick.
Crazy Yiuf cries, "Race!
Peeping tea verde."
You die...

#.############.#
##.# #.# #.# #.#
#.# ### ###>. #.#
####...# #.#
#....... #.#####
### ####...#
#.....## ###..)#
####...#
#......####g'...#
#..#...#
##......#@.##...#
#..#...#
##....#.### ###
#..'.... ########
#..##### #..#....
#####.### #.....#
#######


You could see Crazy Yiuf.

Vanquished Creatures
  3 gnolls (D:2)
  An adder (D:2)
  2 worms (D:2)
  A dart slug (D:1)
  An orc (D:2)
  An endoplasm (D:1)
  A goblin (D:1)
  3 hobgoblins
  4 jackals (D:1)
  4 kobolds
  6 ball pythons (D:1)
  A bat (D:2)
  3 frilled lizards (D:2)
  2 rats (D:2)
33 creatures vanquished.

Notes
Turn   | Place    | Note
-------+----------+-------------------------------------------
     0 | D:1      | issech the Troll Monk began the quest for the Orb.
     0 | D:1      | Reached XP level 1. HP: 22/22 MP: 0/0
   271 | D:1      | Reached XP level 2. HP: 29/29 MP: 1/1
   275 | D:1      | Found Emeagyje's Antique Armour Boutique.
   322 | D:1      | Reached skill level 3 in Maces & Flails
   989 | D:2      | Reached XP level 3. HP: 33/36 MP: 2/2
  1160 | D:2      | Found a faded altar of an unknown god.
  1330 | D:2      | Reached XP level 4. HP: 39/44 MP: 3/3
  1500 | D:2      | Found a runed translucent door.
  1501 | D:2      | Noticed Crazy Yiuf
  1507 | D:2      | HP: 1/43 [poisoned by Crazy Yiuf]
  1508 | D:2      | Succumbed to Crazy Yiuf's poison

Illustrated notes

Levels and vault maps discovered:
D:1:      beargit_arrival_greenhouse, layout_basic, serial_shops, shop
D:2:      layout_basic, hellmonk_ecumenical_altar_leap_of_faith,
          uniq_crazy_yiuf_cottage

Skill      XL: |  1  2 |
---------------+-------+-----
Maces & Flails | 3 |  3.5
Fighting       | |  2.8
Axes           | |  0.8
Dodging        | |  2.8
Stealth        | |  1.2

Action                   |  1- 3 |  4- 6 || total
-------------------------+-------+-------++-------
Melee: Mace              |    37 |       ||    37
       War axe           |    51 |     5 ||    56
       Punch             |     4 |       ||     4
 Stab: Sleeping          |     4 |       ||     4
Armor: Robe              |    29 |       ||    29
Dodge: Dodged            |    50 |     3 ||    53
